 Dungeon Crawl Stone Soup version 0.28.0-1-gb440e238dd (webtiles) character file.

Game seed: 12528121628494744431

434 pkoi the Frost Mage (level 6, -7/45 HPs)
             Began as a Draconian Ice Elementalist on Feb 23, 2022.
             Mangled by Pikel (9 damage)
             ... on level 4 of the Dungeon.
             The game lasted 00:04:37 (3856 turns).

pkoi the Frost Mage (Draconian Ice Elementalist)    Turns: 3856, Time: 00:04:39

Health: -7/45      AC: 13    Str: 16    XL:     6   Next: 67%
Magic:  2/9        EV: 12    Int: 17    God:
Gold:   113        SH:  0    Dex: 12    Spells: 2/9 levels left

rFire   . . .      SeeInvis .   b - +5 short sword of Tener {vamp, rC+}
rCold   + . .      Faith    .   (no shield)
rNeg    . . .      Spirit   .   (armour unavailable)
rPois   .          Reflect  .   (helmet restricted)
rElec   .          Harm     .   (no cloak)
rCorr   .          Rampage  .   (no gloves)
Will    .....                   (no boots)
Stlth   ++........              (no amulet)
HPRegen 0.15/turn               e - +6 ring of strength
MPRegen 0.11/turn               (no ring)

@: ice-armoured
A: AC +6, unfitting armour, cold-blooded
a: no special abilities


You were on level 4 of the Dungeon.
You visited 1 branch of the dungeon, and saw 4 of its levels.

You collected 113 gold pieces.

Inventory:

Hand Weapons
 a - a +0 whip
 b - the +5 short sword of Tener (weapon) {vamp, rC+}
   (You found it on level 2 of the Dungeon)

   It occasionally heals its wielder for a portion of the damage dealt when it
   wounds a living foe.
   rC:        It protects you from cold.
Missiles
 l - 3 datura-tipped darts
Jewellery
 e - a +6 ring of strength (left hand)
 m - an amulet of guardian spirit
Wands
 o - a wand of iceblast (8)
Scrolls
 d - a scroll of torment {unknown}
 i - a scroll of fear {unknown}
 k - 2 scrolls of identify {unknown}
Potions
 c - a potion of lignification {unknown}
 g - 3 potions of curing
 h - 2 potions of attraction {unknown}
 j - a potion of brilliance {unknown}
 n - a potion of ambrosia {unknown}


   Skills:
 - Level 1.7 Dodging
 - Level 1.7 Stealth
 - Level 2.0 Spellcasting
 + Level 8.1 Ice Magic


You had 2 spell levels left.
You knew the following spells:

 Your Spells              Type           Power      Damage    Failure   Level
a - Freeze                Ice            100%       1d11      1%          1
b - Frozen Ramparts       Ice            58%        1d7       1%          3
c - Ozocubu's Armour      Ice            29%        N/A       1%          3

Your spell library contained the following spells:

 Spells                   Type           Power      Damage    Failure   Level
 Sublimation of Blood     Necr           1%         N/A       28%         2
 Hailstorm                Conj/Ice       15%        3d5       36%         4
 Petrify                  Tmut/Erth      1%         N/A       88%         4
 Irradiate                Conj/Tmut      0%         3d13      99%         5


Dungeon Overview and Level Annotations

Branches:
Dungeon (4/15)
 Temple: D:4-7

Altars:
The Shining One

Annotations:
D:4 Pikel


Innate Abilities, Weirdness & Mutations

Your plain brown scales are hard. (AC +6)
You cannot fit into any form of body armour.
You are cold-blooded and may be slowed by cold attacks.


Message History

Pikel misses you.
Casting: Frozen Ramparts (safe; 1% risk of failure)
Confirm with . or Enter, or press ? or * to list all spells.
Your icy armour thickens.
Pikel zaps a wand.
You barely resist.
Casting: Ozocubu's Armour (safe; 1% risk of failure)
Confirm with . or Enter, or press ? or * to list all spells.
You don't have enough magic to cast this spell.
Unknown command.
You hit Pikel.
You feel better.
Pikel is almost dead.
Pikel hits you with a +2 whip of freezing.
You barely miss Pikel.
Pikel is almost dead.
Pikel hits you with a +2 whip of freezing.
Pikel freezes you.
* * * LOW HITPOINT WARNING * * *
You hit Pikel but do no damage.
Pikel is almost dead.
Pikel closely misses you.
Pikel zaps a wand.
Your mind is blasted!
* * * LOW HITPOINT WARNING * * *
You barely miss Pikel.
Pikel is almost dead.
Pikel barely misses you.
Unknown command.
You hit Pikel.
Your tail-slap misses Pikel.
Pikel is almost dead.
Pikel says, "You'll make a fine lemure."
Pikel barely misses you.
Unknown command.
You hit Pikel.
You feel better.
Pikel is almost dead.
Pikel zaps a wand.
Your mind is blasted!
* * * LOW HITPOINT WARNING * * *
Unknown command.
Aiming: Paralyse
Press: ? - help, Shift-Dir - straight line, f - Pikel
Aim: Pikel, wielding a +2 whip of freezing, wearing a +0 robe and carrying a wand of mindburst (9) (almost dead, chance to affect: 49%) Pikel resists with some effort.
The now-empty wand crumbles to dust.
Pikel hits you with a +2 whip of freezing!
You die...

#.......+....?....+
#....####.........
#.#.## ....)..
#.### ..... #.# ...
#.# #5# ##.## #5#
##.#.## #K#########
#.....#
##@#........
#.#.#.#
#####......(####
#.#.#.#
#...........#
#.#.#.#
#.###.....).#
#.#.#.####.#
##.#...##
#.#........#
#######
#.###.######
#....># #######


You could see Pikel and 2 lemures.

Vanquished Creatures
  A necrophage (D:4)
  An ogre (D:4)
  2 lemures (D:4)
  A scorpion (D:3)
  An orc priest (D:4)
  An orc wizard (D:4)
  An iguana (D:4)
  Robin (D:2)
  4 adders
  A worm (D:2)
  2 dart slugs
  11 orcs
  3 ball pythons
  8 bats
  3 endoplasms
  3 giant cockroaches
  10 goblins
  7 hobgoblins
  2 quokkas
  3 frilled lizards (D:1)
  4 kobolds
  7 rats
77 creatures vanquished.

Notes
Turn   | Place    | Note
-------+----------+-------------------------------------------
     0 | D:1      | pkoi the Draconian Ice Elementalist began the quest for the
                  | Orb.
     0 | D:1      | Reached XP level 1. HP: 14/14 MP: 3/3
   459 | D:1      | Reached XP level 2. HP: 20/20 MP: 3/5
   938 | D:2      | Reached skill level 5 in Ice Magic
   938 | D:2      | Reached XP level 3. HP: 26/26 MP: 2/6
  1208 | D:2      | Identified the +5 short sword of Tener {vamp, rC+}
  1255 | D:2      | You fall into a shaft and drop 1 floor!
  1535 | D:3      | Found a glowing golden altar of the Shining One.
  1578 | D:3      | Learned a level 3 spell: Frozen Ramparts
  1649 | D:3      | Reached XP level 4. HP: 33/33 MP: 7/7
  1662 | D:2      | Learned a level 3 spell: Ozocubu's Armour
  1968 | D:2      | Noticed Robin
  1981 | D:2      | Killed Robin
  2227 | D:2      | Reached skill level 6 in Ice Magic
  2660 | D:3      | Noticed a scorpion
  2668 | D:3      | Killed a scorpion
  2669 | D:3      | Reached XP level 5. HP: 25/38 MP: 1/8
  3444 | D:4      | Noticed a necrophage
  3449 | D:4      | Killed a necrophage
  3450 | D:4      | Reached skill level 7 in Ice Magic
  3450 | D:4      | Reached XP level 6. HP: 45/45 MP: 2/9
  3743 | D:4      | Reached skill level 8 in Ice Magic
  3835 | D:4      | Noticed Pikel
  3855 | D:4      | HP: 1/45 [disintegration (21)]
  3856 | D:4      | Mangled by Pikel

Illustrated notes

Levels and vault maps discovered:
D:1:      zelgadis_glass_arrival_small, layout_rooms, dk_noncrumbling_2,
          item_on_display_a
D:2:      layout_loops_ring, minmay_fractal_squares_gapless_5, uniq_robin
D:3:      layout_loops_ring, mainiacjoe_overflow_six_doors_small, kennysheep_nub
D:4:      layout_loops_corners, uniq_pikel

Skill      XL: |  1  2  3  4  5  6 |
---------------+-------------------+-----
Ice Magic      | 5 6 7 8 |  8.1
Dodging        | |  1.7
Stealth        | |  1.7
Spellcasting   | |  2.0

Action                   |  1- 3 |  4- 6 || total
-------------------------+-------+-------++-------
Melee: Whip              |    23 |       ||    23
       Unarmed           |     3 |       ||     3
       Punch             |     1 |     2 ||     3
       Tailslap          |     3 |     9 ||    12
       Short sword       |    27 |    86 ||   113
 Cast: Freeze            |    27 |       ||    27
       Ozocubu's Armour  |       |    11 ||    11
       Frozen Ramparts   |       |    10 ||    10
Evoke: Wand              |       |     1 ||     1
 Stab: Sleeping          |       |     2 ||     2
Armor: Skin              |    21 |    34 ||    55
Dodge: Dodged            |    48 |    61 ||   109
